 Dungeon Crawl Stone Soup version 0.29-a0-243-g602b31c20e (webtiles) character file.

Game seed: 2501467453766832476

7629 dolemite99 the Martial Artist (level 11, -7/99 HPs)
             Began as a Gnoll Transmuter on Mar 5, 2022.
             Was an Initiate of Ignis.
             Mangled by a two-headed ogre
             ... wielding a +0 giant club
              (32 damage)
             ... on level 9 of the Dungeon.
             The game lasted 00:20:47 (17470 turns).

dolemite99 the Martial Artist (Gnoll Transmuter)   Turns: 17470, Time: 00:20:48

Health: -7/99      AC:  7    Str: 12    XL:     11   Next: 18%
Magic:  22/22      EV: 12    Int: 15    God:    Ignis [......]
Gold:   324        SH:  0    Dex: 12    Spells: 15/25 levels left

rFire   . . .      SeeInvis .     - Unarmed
rCold   + + +      Faith    .   (shield currently unavailable)
rNeg    . . .      Spirit   .   (body armour currently unavailable)
rPois   +          Reflect  .   (helmet currently unavailable)
rElec   .          Harm     .   (cloak currently unavailable)
rCorr   .          Rampage  .   (gloves currently unavailable)
Will    .....                   (boots currently unavailable)
Stlth   +++.......              h - amulet of magic regeneration
HPRegen 0.26/turn               (no ring)
MPRegen 0.58/turn               (no ring)

@: ice-form
A: freezing attack, amphibious, boosted hp, large, (fangs 1), strong nose,
distributed training
a: End Transformation, Renounce Religion


You were on level 9 of the Dungeon.
You worshipped Ignis.
Ignis was noncommittal.
You were a creature of crystalline ice.
You visited 1 branch of the dungeon, and saw 9 of its levels.

You collected 362 gold pieces.
You spent 38 gold pieces at shops.

Inventory:

Hand Weapons
 a - a +2 arbalest of freezing (melded)
 b - a +0 fustibalus
 c - a +5 vampiric whip
 d - a +0 trident
 m - a +0 spear
 G - a +0 hand crossbow
Missiles
 g - 22 poisoned darts
 i - 306 stones
 K - 4 atropa-tipped darts
Armour
 r - a +2 cloak (melded)
 s - a +0 robe
 w - an orb of guile
 x - a +1 pair of gloves (melded)
 y - a +1 helmet (melded)
 H - +0 steam dragon scales (melded)
 I - a +0 helmet
Jewellery
 f - a ring of positive energy
 h - an amulet of magic regeneration (around neck)
 u - an amulet of guardian spirit
Wands
 z - a wand of iceblast (19)
 C - a wand of flame (27)
 M - a wand of mindburst (9)
Scrolls
 e - 3 scrolls of teleportation
 j - 2 scrolls of brand weapon
 k - 3 scrolls of amnesia
 l - a scroll of immolation
 B - 2 scrolls of fog
 D - a scroll of magic mapping
 E - a scroll of blinking {unknown}
 F - 3 scrolls of identify {@r1}
 L - a scroll of enchant armour
Potions
 n - a potion of magic {unknown}
 o - 2 potions of mutation {unknown}
 p - a potion of berserk rage {unknown}
 q - a potion of attraction {unknown}
 t - 3 potions of lignification {unknown}
 v - a potion of heal wounds {unknown}
 A - 2 potions of brilliance {unknown}
 J - a potion of ambrosia {unknown}
 N - a potion of curing


   Skills:
 + Level 6.6 Fighting
 + Level 6.0 Short Blades
 + Level 6.0 Long Blades
 + Level 6.0 Axes
 + Level 6.0 Maces & Flails
 + Level 6.0 Polearms
 + Level 6.0 Staves
 + Level 6.0 Slings
 + Level 6.0 Bows
 + Level 6.0 Crossbows
 + Level 6.0 Throwing
 + Level 6.0 Armour
 + Level 7.7 Dodging
 + Level 6.0 Stealth
 + Level 6.0 Shields
 + Level 9.0 Unarmed Combat
 + Level 7.9 Spellcasting
 + Level 5.0 Conjurations
 + Level 5.0 Hexes
 + Level 5.0 Summonings
 + Level 5.0 Necromancy
 + Level 5.0 Translocations
 + Level 6.3 Transmutations
 + Level 5.0 Fire Magic
 + Level 5.0 Ice Magic
 + Level 5.0 Air Magic
 + Level 5.0 Earth Magic
 + Level 5.0 Poison Magic
 + Level 6.6 Invocations
 + Level 6.0 Evocations


You had 15 spell levels left.
You knew the following spells:

 Your Spells              Type           Power      Damage    Failure   Level
a - Slow                  Hex            84%        N/A       1%          1
b - Spider Form           Tmut/Pois      23%        N/A       3%          3
c - Ice Form              Ice/Tmut       23%        N/A       12%         4
d - Wereblood             Tmut           25%        N/A       1%          2

Your spell library contained the following spells:

 Spells                   Type           Power      Damage    Failure   Level
 Beastly Appendage        Tmut           50%        N/A       1%          1
 Confusing Touch          Hex            21%        N/A       4%          3
 Inner Flame              Hex/Fire       21%        N/A       4%          3
 Vampiric Draining        Necr           21%        2d7       4%          3
 Cause Fear               Hex            10%        N/A       16%         4
 Discord                  Hex            10%        N/A       100%        8


Dungeon Overview and Level Annotations

Branches:
Dungeon (9/15)             Temple (0/1) D:4
   Lair: D:8-11         Orc: D:9-12

Altars:
Dithmenos
Gozag
Kikubaaqudgha
Nemelex Xobeh
Trog
Wu Jian
Ignis

Shops:
D:2 *   D:9 (

Annotations:
D:9 4 runed translucent doors


Innate Abilities, Weirdness & Mutations

You are a creature of crystalline ice.
You have a powerful freezing melee attack.
You are amphibious.
Your maximum health is increased.
Your armour is entirely melded.
You are incapable of wielding weapons or throwing items.
((You have very sharp teeth.))
Your uncanny sense of smell can sniff out nearby items.
Your experience applies equally to all skills.


Message History

Your +0 steam dragon scales unmelds from your body.
Your +2 arbalest of freezing is covered in frost.
There is an open door here.
An acid dragon comes into view.
An acid dragon is nearby!
Casting: Ice Form (dangerous; 12% risk of failure)
Confirm with . or Enter, or press ? or * to list all spells.
You turn into a creature of crystalline ice.
Your +2 arbalest of freezing melds into your body.
Your +2 cloak melds into your body.
Your +1 helmet melds into your body.
Your +1 pair of gloves melds into your body.
Your +0 steam dragon scales melds into your body.
Your +2 arbalest of freezing stops glowing.
The acid dragon roars!
The acid dragon spits acid at you. The splash of acid hits you!
You hear two shouts!
You hear a shout!
You pummel the acid dragon!! You freeze the acid dragon.
The acid dragon is severely wounded.
The acid dragon bites you! The acid dragon claws you.
You punch the acid dragon! You freeze the acid dragon.
You kill the acid dragon!
A two-headed ogre comes into view. It is wielding two +0 giant clubs.
You start resting.
Magic restored.
You start resting.
A two-headed ogre is nearby!
A two-headed ogre is nearby!
A two-headed ogre is nearby!
You pummel the two-headed ogre!! You freeze the two-headed ogre.
The two-headed ogre is heavily wounded.
You punch the two-headed ogre! You freeze the two-headed ogre.
The two-headed ogre is severely wounded.
The two-headed ogre hits you with a +0 giant club!!
The two-headed ogre hits you with a +0 giant club!
* * * LOW HITPOINT WARNING * * *
You hit the two-headed ogre but do no damage.
The two-headed ogre is severely wounded.
The two-headed ogre hits you with a +0 giant club!!
You die...

..................'..............
#####.............##.............
#####........†...................
..............######..######..###
####.........## ####..).##.#
.............#O ∆ #..###.#.#
#.###........#. #.##)#.#.#
#.#..........#.### #.#.##.#.##
#.#[...#.###.#.#Y##∆ #.##.#÷#..#
#......#.# #.##O#.# ###...##..#
######.#.# #..###'# #'###...#
..#.# ##.....######...))#.##
####.## #....##8!|8##)##)#...
#.....###.##.#8....8#.......#
#.....'.#.#..+p.....+.##....#
#####.....#<#.)..+......+.##.....
...##.....###.#..#8.$..8#.^#..#.#


You could see a two-headed ogre.

Vanquished Creatures
  A kobold demonologist (D:9)
  5 rime drakes (D:7)
  A shadow (D:9)
  7 yaks (D:9)
  2 wyverns (D:9)
  A vampire mosquito (D:9)
  A steam dragon (D:7)
  Grum (D:8)
  2 acid dragons (D:9)
  A water moccasin (D:9)
  2 orc warriors (D:9)
  2 black bears
  4 ogres
  3 ice beasts
  3 wolves (D:8)
  4 centaurs
  A phantom (D:5)
  A kobold brigand (D:9)
  Blork the orc (D:6)
  4 bullfrogs
  A necrophage (D:5)
  3 gnoll sergeants
  3 scorpions
  3 wights (D:7)
  9 killer bees
  3 howler monkeys (D:8)
  2 jellies
  4 hounds
  3 orc priests
  An iguana (D:6)
  Crazy Yiuf (D:2)
  Terence (D:2)
  2 orc wizards
  18 gnolls
  7 adders
  A river rat (D:5)
  A shadow imp (D:5)
  A white imp (D:6)
  2 ufetubi
  3 worms
  5 dart slugs
  18 orcs
  7 ball pythons
  3 bats
  5 endoplasms
  4 giant cockroaches
  7 goblins
  6 hobgoblins
  9 jackals
  7 kobolds
  7 quokkas
  10 frilled lizards
  8 rats
212 creatures vanquished.

Vanquished Creatures (others)
  98 foxfires
  7 plants (D:1)
105 creatures vanquished.

Grand Total: 317 creatures vanquished

Notes
Turn   | Place    | Note
-------+----------+-------------------------------------------
     0 | D:1      | dolemite99 the Gnoll Transmuter began the quest for the
                  | Orb.
     0 | D:1      | Reached XP level 1. HP: 17/17 MP: 6/6
   169 | D:1      | Reached XP level 2. HP: 23/23 MP: 5/7
   647 | D:1      | Found a faded altar of an unknown god.
   745 | D:1      | Prayed at the altar of an unknown god.
   745 | D:1      | Became a worshipper of Ignis, the Dying Flame
   809 | D:1      | Learned a level 2 spell: Wereblood
  1132 | D:1      | Reached XP level 3. HP: 28/28 MP: 9/9
  1255 | D:2      | Reached skill level 5 in Spellcasting
  1339 | D:2      | Found a runed translucent door.
  1340 | D:2      | Noticed Crazy Yiuf
  1352 | D:2      | Learned a level 3 spell: Spider Form
  1362 | D:2      | Killed Crazy Yiuf
  1363 | D:2      | Reached skill level 1 in Short Blades
  1363 | D:2      | Reached skill level 1 in Long Blades
  1363 | D:2      | Reached skill level 1 in Axes
  1363 | D:2      | Reached skill level 1 in Maces & Flails
  1363 | D:2      | Reached skill level 1 in Polearms
  1363 | D:2      | Reached skill level 1 in Staves
  1363 | D:2      | Reached skill level 1 in Slings
  1363 | D:2      | Reached skill level 1 in Bows
  1363 | D:2      | Reached skill level 1 in Crossbows
  1363 | D:2      | Reached skill level 1 in Throwing
  1363 | D:2      | Reached skill level 1 in Armour
  1363 | D:2      | Reached skill level 1 in Stealth
  1363 | D:2      | Reached skill level 1 in Shields
  1363 | D:2      | Reached skill level 1 in Invocations
  1363 | D:2      | Reached skill level 1 in Evocations
  1621 | D:2      | Reached XP level 4. HP: 34/34 MP: 11/11
  1972 | D:2      | Reached skill level 1 in Conjurations
  1972 | D:2      | Reached skill level 1 in Hexes
  1972 | D:2      | Reached skill level 1 in Summonings
  1972 | D:2      | Reached skill level 1 in Necromancy
  1972 | D:2      | Reached skill level 1 in Translocations
  1972 | D:2      | Reached skill level 1 in Fire Magic
  1972 | D:2      | Reached skill level 1 in Ice Magic
  1972 | D:2      | Reached skill level 1 in Air Magic
  1972 | D:2      | Reached skill level 1 in Earth Magic
  1972 | D:2      | Reached skill level 1 in Poison Magic
  2123 | D:2      | Noticed Terence
  2131 | D:2      | Killed Terence
  2132 | D:2      | Reached XP level 5. HP: 35/40 MP: 7/12
  2204 | D:2      | Found Tiokhlin's General Store.
  2223 | D:2      | Bought a scroll of fear for 38 gold pieces
  2946 | D:3      | Learned a level 1 spell: Slow
  3429 | D:3      | Found an ancient bone altar of Kikubaaqudgha.
  3439 | D:3      | Noticed a black bear
  3457 | D:3      | Killed a black bear
  3458 | D:3      | Reached XP level 6. HP: 39/47 MP: 8/14
  3725 | D:4      | Identified the -5 hat "Boawkuin" {Will+}
  3905 | D:4      | Found an ornate altar of the Wu Jian Council.
  3965 | D:4      | Reached skill level 5 in Dodging
  3966 | D:4      | Noticed a black bear
  3973 | D:4      | Killed a black bear
  4307 | D:4      | Learned a level 4 spell: Ice Form
  4662 | D:4      | Reached XP level 7. HP: 52/52 MP: 15/15
  4991 | D:4      | Reached skill level 7 in Unarmed Combat
  5092 | D:4      | Found a staircase to the Ecumenical Temple.
  5385 | D:5      | Entered Level 5 of the Dungeon
  6605 | D:5      | Reached XP level 8. HP: 9/60 MP: 12/16
  7525 | D:5      | Found a bloodstained altar of Trog.
  7532 | D:5      | Found a sparkling altar of Nemelex Xobeh.
  9706 | D:6      | Reached skill level 5 in Transmutations
  9706 | D:6      | Reached XP level 9. HP: 66/66 MP: 14/18
 10139 | D:6      | Noticed Blork the orc
 10151 | D:6      | Killed Blork the orc
 10476 | D:7      | Noticed a rime drake
 10478 | D:7      | Noticed a rime drake
 10498 | D:7      | Noticed a rime drake
 10503 | D:7      | Noticed a rime drake
 10676 | D:7      | Killed a rime drake
 10677 | D:7      | Reached skill level 5 in Fighting
 10692 | D:7      | Killed a rime drake
 10693 | D:7      | Reached skill level 8 in Unarmed Combat
 10749 | D:7      | Killed a rime drake
 10750 | D:7      | Reached skill level 5 in Invocations
 10945 | D:7      | Killed a rime drake
 11546 | D:7      | Noticed a rime drake
 11547 | D:7      | Found the +4 skin of Zhor {*Englaciate rC+++ SInv}
 11558 | D:7      | Killed a rime drake
 11559 | D:7      | Reached XP level 10. HP: 75/75 MP: 17/20
 11744 | D:7      | Found a shadowy altar of Dithmenos.
 12134 | D:7      | Reached skill level 5 in Short Blades
 12134 | D:7      | Reached skill level 5 in Long Blades
 12134 | D:7      | Reached skill level 5 in Axes
 12134 | D:7      | Reached skill level 5 in Maces & Flails
 12134 | D:7      | Reached skill level 5 in Polearms
 12134 | D:7      | Reached skill level 5 in Staves
 12134 | D:7      | Reached skill level 5 in Slings
 12134 | D:7      | Reached skill level 5 in Bows
 12134 | D:7      | Reached skill level 5 in Crossbows
 12134 | D:7      | Reached skill level 5 in Throwing
 12134 | D:7      | Reached skill level 5 in Armour
 12134 | D:7      | Reached skill level 5 in Stealth
 12134 | D:7      | Reached skill level 5 in Shields
 12134 | D:7      | Reached skill level 5 in Evocations
 13728 | D:8      | Noticed Grum
 14514 | D:8      | Killed Grum
 14755 | D:9      | Found an opulent altar of Gozag.
 15372 | D:9      | Found a large runed translucent door.
 15372 | D:9      | Noticed a wizard
 15491 | D:9      | Found a large runed translucent door.
 16133 | D:9      | Noticed a kobold demonologist
 16149 | D:9      | Killed a kobold demonologist
 16150 | D:9      | Reached XP level 11. HP: 67/83 MP: 22/22
 16394 | D:9      | Found a large runed translucent door.
 16394 | D:9      | Found a large runed translucent door.
 16573 | D:9      | Found Hiruj's Weapon Emporium.
 16772 | D:9      | Reached skill level 9 in Unarmed Combat
 17002 | D:9      | Reached skill level 5 in Conjurations
 17002 | D:9      | Reached skill level 5 in Hexes
 17002 | D:9      | Reached skill level 5 in Summonings
 17002 | D:9      | Reached skill level 5 in Necromancy
 17002 | D:9      | Reached skill level 5 in Translocations
 17002 | D:9      | Reached skill level 5 in Fire Magic
 17002 | D:9      | Reached skill level 5 in Ice Magic
 17002 | D:9      | Reached skill level 5 in Air Magic
 17002 | D:9      | Reached skill level 5 in Earth Magic
 17002 | D:9      | Reached skill level 5 in Poison Magic
 17463 | D:9      | Noticed a two-headed ogre
 17470 | D:9      | Mangled by a two-headed ogre

Illustrated notes

Levels and vault maps discovered:
D:1:      psy_arrival_basics, layout_loops_cross,
          hellmonk_ecumenical_altar_blasted, minmay_lizard_king
D:2:      minmay_angry_zag, layout_loops_ring, serial_shops, shop_statue,
          uniq_terence, uniq_crazy_yiuf_cottage
D:3:      layout_loops_cross, mainiacjoe_overflow_concentric_impassable,
          st_stairs_3, chequers_mini_garden
D:4:      kennysheep_spiral_hall, layout_gridville,
          nicolae_wu_jian_wuxing_cycle, minmay_temple_entry_nine_rooms
D:5:      layout_cave_pods, mainiacjoe_overflow_catwalk_spiral,
          gup_sewer_entry_bubbles, minmay_statues_item, water_maze_lemuel
D:6:      layout_cave_pools, uniq_blork_the_orc
D:7:      layout_basic, mainiacjoe_overflow_paths, hellmonk_guarded_unrand_zhor
D:8:      layout_basic, uniq_grum
D:9:      layout_basic, mainiacjoe_overflow_24_doors, serial_shops,
          nicolae_shop_crystal, minmay_hollow_rounded_squares

Skill      XL: |  1  2  3  4  5  6  7  8  9 10 11 |
---------------+----------------------------------+-----
Spellcasting   | 5 6 7 |  7.9
Short Blades   | 1 2 3 4 5 6 |  6.0
Long Blades    | 1 2 3 4 5 6 |  6.0
Axes           | 1 2 3 4 5 6 |  6.0
Maces & Flails | 1 2 3 4 5 6 |  6.0
Polearms       | 1 2 3 4 5 6 |  6.0
Staves         | 1 2 3 4 5 6 |  6.0
Slings         | 1 2 3 4 5 6 |  6.0
Bows           | 1 2 3 4 5 6 |  6.0
Crossbows      | 1 2 3 4 5 6 |  6.0
Throwing       | 1 2 3 4 5 6 |  6.0
Armour         | 1 2 3 4 5 6 |  6.0
Stealth        | 1 2 3 4 5 6 |  6.0
Shields        | 1 2 3 4 5 6 |  6.0
Invocations    | 1 2 3 4 5 6 |  6.6
Evocations     | 1 2 3 4 5 6 |  6.0
Conjurations   | 1 2 3 4 5 |  5.0
Hexes          | 1 2 3 4 5 |  5.0
Summonings     | 1 2 3 4 5 |  5.0
Necromancy     | 1 2 3 4 5 |  5.0
Translocations | 1 2 3 4 5 |  5.0
Fire Magic     | 1 2 3 4 5 |  5.0
Ice Magic      | 1 2 3 4 5 |  5.0
Air Magic      | 1 2 3 4 5 |  5.0
Earth Magic    | 1 2 3 4 5 |  5.0
Poison Magic   | 1 2 3 4 5 |  5.0
Fighting       | 3 4 5 6 |  6.6
Transmutations | 4 5 6 |  6.3
Dodging        | 5 6 7 |  7.7
Unarmed Combat | 7 8 9 |  9.0

Action                   |  1- 3 |  4- 6 |  7- 9 | 10-12 || total
-------------------------+-------+-------+-------+-------++-------
Melee: Unarmed           |    24 |    47 |   156 |   162 ||   389
       Headbutt          |     6 |       |       |       ||     6
       Kick              |     9 |       |       |       ||     9
       Trident           |    52 |     5 |       |       ||    57
       Bite              |     6 |     6 |     1 |       ||    13
       Punch             |     1 |     1 |       |       ||     2
       Whip              |       |    90 |     7 |       ||    97
       Fustibalus        |       |       |     1 |       ||     1
 Fire: Fustibalus        |       |       |   163 |       ||   163
       Hand crossbow     |       |       |       |    92 ||    92
       Arbalest          |       |       |       |    18 ||    18
 Cast: Beastly Appendage |    16 |       |       |       ||    16
       Spider Form       |     1 |    10 |    25 |    14 ||    50
       Wereblood         |       |     4 |       |       ||     4
       Slow              |       |     4 |     4 |       ||     8
       Ice Form          |       |       |       |    10 ||    10
Invok: Foxfire Swarm     |       |       |     5 |     3 ||     8
       Rising Flame      |       |       |       |     1 ||     1
Evoke: Wand              |       |       |    10 |       ||    10
  Use: Scroll            |       |    10 |     1 |     3 ||    14
       Potion            |       |     1 |     1 |     2 ||     4
 Stab: Sleeping          |     2 |     1 |       |     1 ||     4
Armor: Robe              |    31 |    34 |    53 |     3 ||   121
       Skin              |       |     3 |     5 |    20 ||    28
       Steam dragon scal |       |       |       |    24 ||    24
Dodge: Dodged            |    68 |   115 |   238 |   214 ||   635

Table legend: (Time is in decaauts)
 A = Elapsed time spent in this place.
 B = Non-inter-level travel time spent in this place.
 C = Inter-level travel time spent in this place.
 D = Time resting spent in this place.
 E = Time spent auto-exploring this place.
 F = Levels seen in this place.
 G = Mean time per level.
                   A        B        C        D        E       F      G
               +--------+--------+--------+--------+--------+-----+--------+
         Total |  17563 |  17129 |    434 |   7308 |   7281 |   9 | 1951.4 |
       Dungeon |  17563 |  17129 |    434 |   7308 |   7281 |   9 | 1951.4 |
               +--------+--------+--------+--------+--------+-----+--------+

Top non-repeatable levels by time:
     D:5: 3254 daAuts
     D:7: 3010 daAuts
     D:9: 2734 daAuts
     D:6: 1844 daAuts
     D:4: 1744 daAuts
     D:2: 1378 daAuts
     D:8: 1328 daAuts
     D:1: 1252 daAuts
     D:3: 1015 daAuts
